 Dungeon Crawl Stone Soup version 0.27.1-33-g824d729ab1 (webtiles) character file.

Game seed: 2119388245241514140

4205 safid the Blocker (level 10, -5/77 HPs)
             Began as a Hill Orc Fighter on Dec 8, 2021.
             Was a Believer of Beogh.
             Slain by a boulder beetle (11 damage)
             ... on level 7 of the Dungeon.
             The game lasted 00:26:07 (6878 turns).

safid the Blocker (Hill Orc Fighter)                Turns: 6878, Time: 00:26:08

Health: -5/77      AC: 18    Str: 33    XL:     10   Next: 29%
Magic:  10/10      EV:  8    Int:  8    God:    Beogh [**....]
Gold:   501        SH: 18    Dex: 10    Spells: 9/9 levels left

rFire    . . .     SeeInvis .   m - +4 whip of Reinforcement {vorpal, Will+ Str+4}
rCold    . . .     Faith    .   c - +0 kite shield
rNeg     . . .     Spirit   .   k - +3 chain mail
rPois    .         Reflect  +   o - +0 helmet
rElec    .         Harm     .   (no cloak)
rCorr    .         Rampage  .   (no gloves)
Will     +....                  h - +0 pair of boots
Stlth    ..........             e - amulet of reflection
HPRegen  0.22/turn              g - +4 ring of protection
MPRegen  0.12/turn              x - +6 ring of strength

@: mighty
A: no striking features
a: Renounce Religion, Smiting


You were on level 7 of the Dungeon.
You worshipped Beogh.
Beogh was pleased with you.
You visited 2 branches of the dungeon, and saw 8 of its levels.
You also visited: Ossuary.

You collected 501 gold pieces.

Inventory:

Hand Weapons
 a - a +0 war axe
 m - the +4 whip of Reinforcement (weapon) {vorpal, Will+ Str+4}
   (You found it on level 4 of the Dungeon)

   It inflicts extra damage upon your enemies.
   Str:       It affects your strength (+4).
   Will:      It increases your willpower.
Missiles
 n - 9 poisoned darts (quivered)
Armour
 c - a +0 kite shield (worn)
 h - a +0 pair of boots (worn)
 k - a +3 chain mail (worn)
 o - a +0 helmet (worn)
Jewellery
 e - an amulet of reflection (around neck)
 g - a +4 ring of protection (left hand)
 l - a ring of positive energy
 x - a +6 ring of strength (right hand)
Wands
 j - a wand of polymorph (9)
Scrolls
 b - a scroll of magic mapping {unknown}
 f - a scroll of enchant weapon
 i - 2 scrolls of fear {unknown}
 q - 2 scrolls of teleportation {unknown}
 u - a scroll of fog {unknown}
 v - a scroll of amnesia {unknown}
 w - a scroll of holy word {unknown}
 y - a scroll of enchant armour {unknown}
Potions
 d - 4 potions of might
 p - 3 potions of haste {unknown}
 s - a potion of brilliance {unknown}
 t - a potion of mutation {unknown}
 z - a potion of cancellation {unknown}


   Skills:
 - Level 3.6 Fighting
 - Level 5.3(9.7) Axes
 + Level 10.5(10.8) Maces & Flails
 - Level 3.2 Armour
 + Level 11.6 Shields


You had 9 spell levels left.
You didn't know any spells.
Your spell library contained the following spells:

 Spells                   Type           Power      Damage    Failure   Level
 Animate Skeleton         Necr           0%         N/A       97%         1
 Corona                   Hex            0%         N/A       97%         1
 Foxfire                  Conj/Fire      0%         2x1d4     97%         1
 Pain                     Necr           0%         1d4       97%         1
 Ensorcelled Hibernation  Hex/Ice        0%         N/A       99%         2
 Conjure Flame            Conj/Fire      0%         6-21      100%        3
 Dazzling Flash           Conj/Hex       0%         N/A       100%        3
 Ignite Poison            Fire/Tmut/Pois 0%         N/A       100%        3
 Inner Flame              Hex/Fire       0%         N/A       100%        3
 Mephitic Cloud           Conj/Pois/Air  0%         N/A       100%        3
 Tukima's Dance           Hex            0%         N/A       100%        3
 Vampiric Draining        Necr           0%         2d6       100%        3
 Passage of Golubria      Tloc           N/A        N/A       100%        4
 Agony                    Necr           0%         N/A       100%        5
 Bolt of Magma            Conj/Fire/Erth 0%         4d4       100%        5
 Silence                  Hex/Air        0%         N/A       100%        5
 Yara's Violent Unravell  Hex/Tmut       0%         3d3       100%        5


Dungeon Overview and Level Annotations

Branches:
Dungeon (7/15)             Temple (1/1) D:5         Ossuary (visited)

Altars:
Ashenzari
Cheibriados
Fedhas
Gozag
Hepliaklqana
Kikubaaqudgha
Nemelex Xobeh
Ru
Sif Muna
Xom
Yredelemnul
The Shining One

Shops:
D:2 *   D:7 (=


Message History

Unknown command.
You hit the boulder beetle.
The boulder beetle is lightly wounded.
Unknown command.
You hit the boulder beetle but do no damage.
The boulder beetle is moderately wounded.
The boulder beetle bites you!!
* * * LOW HITPOINT WARNING * * *
Unknown command.
You feel very mighty all of a sudden. You block the boulder beetle's attack.
You whack the boulder beetle!
The boulder beetle is moderately wounded.
The boulder beetle barely misses you.
You hit the boulder beetle.
The boulder beetle is heavily wounded.
You hit the boulder beetle.
The boulder beetle is severely wounded.
The boulder beetle bites you.
* * * LOW HITPOINT WARNING * * *
You hit the boulder beetle but do no damage.
The boulder beetle is severely wounded.
Blink to where?
Press: ? - help, Dir - move target, p - boulder beetle
As you read the scroll of blinking, it crumbles to dust.
The boulder beetle leaps!
The boulder beetle curls into a ball and begins rolling!
The boulder beetle looks more healthy.
You block the boulder beetle's attack.
The boulder beetle stops rolling and uncurls.
You hit the boulder beetle but do no damage.
The boulder beetle is severely wounded.
Unknown command.
You hit the boulder beetle.
The boulder beetle is almost dead.
You block the boulder beetle's attack.
Unknown command.
You whack the boulder beetle!
The boulder beetle is almost dead.
The boulder beetle bites you!
You die...

######## #......# #......#
####### #......# #.....###
#......#
#######....####......#
..................####
.######.....####@.#
.#............##B.#######
.#.#..............#..:..#
...####...........#.....#
.#.##.............#.....#
.#.............#..#.....#
.........?.....#..#.....#
|.................#.....#####
#.##.#..#######.....###.....#


You could see a boulder beetle.

Vanquished Creatures
  A two-headed ogre (D:7)
  A manticore (D:7)
  An ugly thing (D:7)
  Grinder (D:6)
  A slime creature (D:7)
  A wraith (D:7)
  A water moccasin (D:7)
  An acid dragon (D:7)
  2 black bears
  A sky beast (D:7)
  3 ice beasts
  2 centaurs (D:7)
  2 bullfrogs (D:7)
  A scorpion (D:7)
  6 killer bees (D:5)
  A bullfrog zombie (D:6)
  7 hounds
  A bullfrog skeleton (D:5)
  An orc priest (D:7)
  2 jellies (D:5)
  2 centaur skeletons (D:7)
  Jessica (D:3)
  4 iguanas
  3 orc wizards
  2 mummies
  7 adders
  A howler monkey skeleton (D:5)
  A shadow imp (D:6)
  2 ufetubi
  An adder skeleton (D:5)
  3 worms
  A dart slug (D:1)
  9 orcs
  4 spectral bats (Ossuary)
  3 ball pythons
  6 endoplasms
  2 giant cockroaches
  12 gnoll zombies (Ossuary)
  5 goblins
  2 hobgoblins
  7 jackals
  4 quokkas
  4 bats
  4 bat simulacra (Ossuary)
  5 frilled lizards
  3 goblin simulacra (Ossuary)
  A goblin zombie (Ossuary)
  6 hobgoblin zombies (Ossuary)
  3 kobolds
  5 kobold simulacra (Ossuary)
  4 kobold zombies (Ossuary)
  7 orc zombies (Ossuary)
  A rat (D:1)
  2 rat simulacra (Ossuary)
  4 spectral goblins (Ossuary)
  3 spectral kobolds (Ossuary)
  2 spectral rats (Ossuary)
173 creatures vanquished.

Vanquished Creatures (others)
  A sky beast (D:6)
  3 plants (D:7)
4 creatures vanquished.

Grand Total: 177 creatures vanquished

Notes
Turn   | Place    | Note
-------+----------+-------------------------------------------
     0 | D:1      | safid the Hill Orc Fighter began the quest for the Orb.
     0 | D:1      | Reached XP level 1. HP: 19/19 MP: 1/1
    54 | D:1      | Found a faded altar of an unknown god.
   667 | D:1      | You fall into a shaft and drop 1 floor!
   667 | D:2      | Found Doh Menk's Assorted Antiques.
   676 | D:2      | Reached XP level 2. HP: 20/26 MP: 2/2
   685 | D:2      | Reached XP level 3. HP: 23/31 MP: 3/3
   784 | D:1      | Reached skill level 4 in Shields
  1114 | D:2      | Found a glowing golden altar of the Shining One.
  1235 | D:2      | Reached XP level 4. HP: 36/39 MP: 4/4
  1684 | D:3      | Reached skill level 5 in Axes
  1697 | D:3      | Noticed Jessica
  1746 | D:3      | Killed Jessica
  1747 | D:3      | Reached skill level 5 in Shields
  1747 | D:3      | Reached XP level 5. HP: 19/45 MP: 5/5
  2231 | D:3      | Found a shimmering altar of Xom.
  2268 | D:4      | Found an opulent altar of Gozag.
  2313 | D:4      | Identified the +4 whip of Reinforcement {vorpal, Will+
                  | Str+4}
  2707 | D:4      | Reached skill level 1 in Maces & Flails
  2927 | D:5      | Entered Level 5 of the Dungeon
  2990 | D:5      | Noticed an ice beast
  3000 | D:5      | Killed an ice beast
  3001 | D:5      | Reached XP level 6. HP: 51/51 MP: 6/6
  3158 | D:5      | Reached skill level 6 in Shields
  3270 | D:5      | Noticed a black bear
  3284 | D:5      | Killed a black bear
  3324 | D:5      | Reached XP level 7. HP: 43/57 MP: 7/7
  3541 | D:5      | Reached skill level 7 in Shields
  3576 | D:5      | Reached skill level 5 in Maces & Flails
  3908 | D:5      | Found a staircase to the Ecumenical Temple.
  3924 | Temple   | Entered the Ecumenical Temple
  4174 | D:5      | Reached XP level 8. HP: 64/64 MP: 8/8
  4494 | D:6      | Reached skill level 8 in Shields
  4525 | D:6      | Noticed Grinder
  4568 | D:6      | Killed Grinder
  4609 | D:6      | Became a worshipper of Beogh the Brigand
  4682 | D:6      | Found a sand-covered staircase.
  4696 | Ossuary  | Entered an ossuary
  4803 | Ossuary  | Reached * piety under Beogh
  5063 | Ossuary  | Reached ** piety under Beogh
  5101 | D:6      | Reached skill level 9 in Shields
  5382 | D:7      | Noticed a two-headed ogre
  5387 | D:7      | Reached XP level 9. HP: 70/70 MP: 9/9
  5410 | D:7      | Killed a two-headed ogre
  5411 | D:7      | Reached skill level 10 in Shields
  5556 | D:7      | Noticed a manticore
  5935 | D:7      | Killed a manticore
  6087 | D:7      | Reached skill level 11 in Shields
  6087 | D:7      | Reached XP level 10. HP: 77/77 MP: 10/10
  6160 | D:7      | Found a basalt altar of Yredelemnul.
  6186 | D:7      | Reached skill level 10 in Maces & Flails
  6381 | D:7      | Noticed a green ugly thing
  6397 | D:7      | Killed a green ugly thing
  6771 | D:7      | Found Jobit's Weapon Shop.
  6788 | D:7      | Found Sarom's Jewellery Emporium.
  6854 | D:7      | Noticed a boulder beetle
  6878 | D:7      | Slain by a boulder beetle

Illustrated notes

Levels and vault maps discovered:
D:1:      eino_arrival_druids_welcome, layout_basic,
          hellmonk_ecumenical_altar_run_dry, solitary_fountain
D:2:      layout_rooms, basic_altar, serial_shops, nicolae_shop_crystal
D:3:      layout_rooms, general_overflow_altar, st_stairs_6, uniq_jessica
D:4:      layout_gridville, lemuel_crystal_altar
D:5:      layout_loops_ring, minmay_temple_entry_nine_rooms,
          ebering_dispersal_statue_hall
D:6:      layout_gridville, gup_ossuary_entry_pyramid, uniq_grinder
D:7:      layout_basic, nicolae_overflow_hidden_temple, serial_shops,
          kennysheep_mini, shop_statue, minmay_shattered_shrine
Temple:   jpeg_temple_island

Skill      XL: |  1  2  3  4  5  6  7  8  9 10 |
---------------+-------------------------------+-----
Axes           | 3 4 5 |  5.3
Shields        | 4 5 6 7 9 11 | 11.6
Maces & Flails | 2 3 5 7 9 10 | 10.5
Fighting       | |  3.6
Armour         | |  3.2

Action                   |  1- 3 |  4- 6 |  7- 9 | 10-12 || total
-------------------------+-------+-------+-------+-------++-------
Melee: War axe           |    70 |    81 |       |       ||   151
       Whip              |       |    75 |   432 |    72 ||   579
Throw: Dart              |       |     5 |     3 |     4 ||    12
Invok: Convert to Beogh  |       |       |     1 |       ||     1
  Use: Potion            |       |       |     3 |     2 ||     5
       Scroll            |       |       |     4 |     1 ||     5
Armor: Scale mail        |    33 |    53 |       |       ||    86
       Chain mail        |       |    66 |   153 |     9 ||   228
Dodge: Dodged            |    10 |    47 |    59 |    12 ||   128
Block: Kite shield       |    68 |   127 |   318 |    37 ||   550
       Reflection        |     1 |       |     9 |     5 ||    15
